 BcadrenCrawl: Boulder Brew version 0.04.2-19-ga012a504bd (webtiles) character file.

Game seed: 17388548616180338759, levelgen mode: deterministic

7651 diana the Quickloader (level 11, 0/72 HPs) Kobold Hunter. Began on May 19, 2021. Was an Elder of Okawaru. Slain by a troll (6 damage) ... on level 6 of the Dungeon on May 21, 2021. The game lasted 00:14:51 (6118 turns).

diana the Quickloader (Kobold Hunter)               Turns: 6118, Time: 00:14:52

Health: 0/72       AC:  9    Str:  9    XL:     11 ^: 4518
Magic:  13/15      EV: 25    Int: 12    God:    Okawaru [4* [100]]
Gold:   355        SH:  4    Dex: 20    Spells: 10/10 levels left

rFire    . . .     Vision   .   a - +1 hand crossbow
rCold    x . .     Gourm    .   A - +7 sai (holy)
rNeg     . . .     Faith    .   i - +1 robe {soft}
rPois    .         Spirit   .   f - +0 helmet
rElec    +         Reflect  .   v - +0 cloak
rCorr    .         Harm     .   j - +0 pair of gloves (curse) {(Curse: rF-)}
MR       .....                  x - +0 pair of boots {rElec+}
Stlth    ++++......             (no amulet)
HPRegen  0.34/turn              p - ring of fire
MPRegen  0.25/turn              (no ring)

@: about to teleport, heroism
A: small, carnivore
a: Heroism, Renounce Religion


You were on level 6 of the Dungeon.
You worshipped Okawaru.
Okawaru was greatly pleased with you.
You were hungry.

You visited 2 branches of the dungeon, and saw 7 of its levels.

You collected 355 gold pieces.

Inventory:

Weapons
 a - a +1 hand crossbow (weapon)
 m - a +1 dagger of speed
 t - a +1 dagger of venom Shields
 A - a +7 sai of holy wrath (weapon)
Armour
 c - a +0 leather armour
 f - a +0 helmet (worn)
 i - a +1 robe of softness (worn)
 j - a cursed +0 pair of gloves (worn) {(Curse: rF-)}
 v - a +0 cloak (worn)
 x - a +0 pair of boots of insulation (worn)
Jewellery
 p - a ring of fire (left hand)
 y - an uncursed ring of protection from magic
Wands
 b - a wand of polymorph (17)
 s - a wand of flame (2)
 u - a wand of random effects (1)
Scrolls
 g - 3 scrolls of teleportation
 k - 2 scrolls of blinking
 l - 2 scrolls of fog
 n - 3 scrolls of magic mapping
 r - 2 scrolls of enchantment
 w - a scroll of fear
Potions
 e - 4 potions of might
 h - 4 potions of curing
 o - a potion of cancellation
 z - a potion of haste
Comestibles
 d - 15 rations


   Skills:
 - Level 10.0(15.0) Fighting
 + Level 10.0(15.0) Short Blades
 - Level 10.0(15.0) Crossbows
 + Level 4.2(9.2) Armour
 + Level 6.8(11.8) Dodging
 - Level 1.3(6.3) Stealth
 + Level 5.6 Invocations


You had 10 spell levels left.
You didn't know any spells.
Your spell library was empty.

Dungeon Overview and Level Annotations

Branches:
Dungeon (6/8)              Temple (1/1) D:4            Lair (0/6) D:5
    Orc: D:6

Altars:
Ashenzari
Dithmenos
Elyvilon
Fedhas Madash
Gozag Ym Sagoz
Kikubaaqudgha
Makhleb
Nemelex Xobeh
Okawaru
Qazlal
Ru
Sif Muna
Trog
Uskayaw
Vehumet
Wu Jian
Xom
Yredelemnul
Zin
The Shining One

Shops:
D:4 [

Annotations:
D:3 2 transporters, Darold's ghost, novice KoNo


Innate Abilities, Weirdness & Mutations

You are small and have problems with some larger weapons.
You are carnivorous and can eat meat at any time.


Message History

You are too injured to fight recklessly!
You are too injured to fight recklessly!
You are too injured to fight recklessly!
You are too injured to fight recklessly!
You are too injured to fight recklessly!
You are too injured to fight recklessly!
You are too injured to fight recklessly!
You are too injured to fight recklessly!
The phantom blinks!
You gain the combat prowess of a mighty hero.
The troll closely misses you (0). The troll claws you (10)!
* * * LOW HITPOINT WARNING * * *
The troll completely misses you (0).
Okay, then.
As you read the scroll of teleportation, it crumbles to dust.
You feel strangely unstable. You block the troll's attack.
The troll claws you (12)!
* * * LOW HITPOINT WARNING * * *
The troll claws you (6).
You die...

#.$$$...#.#.......###.#
#.$_$...............#.#
#$$$...#.#.##....#.#.#
#..#.##.# #....#.#.#
#......# ###...>..#
##W.#### #..#.... #T#
.....##### #T# ###.##
#@# .. ##.## .. ##...##
#.. #.....# #.....#
#.....# ##...## ##.##
##.#############


You could see 2 trolls and a phantom.

Vanquished Creatures
  Harold (D:5)
  Erica (D:4)
  A two-headed ogre (D:5)
  A manticore (D:6)
  Maurice (D:4)
  A hippogriff (D:5)
  A yak (D:6)
  A basilisk (D:5)
  2 slime creatures (D:6)
  Edmund (D:2)
  3 scorpions (D:4)
  4 porcupines
  2 water moccasins (D:2)
  2 orc warriors
  An ice beast (D:4)
  An eye of draining (D:6)
  A sky beast (D:4)
  2 black bears
  4 ogres
  2 wolves (D:5)
  4 big kobolds (D:2)
  6 crocodiles
  5 bullfrogs
  3 wights (D:4)
  A hornet zombie (D:4)
  A crimson imp (D:4)
  An orc priest (D:5)
  3 hounds
  5 jellies
  4 orc wizards
  5 iguanas
  A wyvern zombie (D:4)
  2 worker ants (D:4)
  A water moccasin skeleton (D:5)
  9 giant cockroaches
  A bullfrog zombie (D:5)
  A bullfrog skeleton (D:5)
  4 gnolls (D:5)
  A shadow imp (D:4)
  7 adders
  3 white imps
  2 worms (D:2)
  6 cinder newts
  A howler monkey zombie (D:5)
  6 oozes
  A hound skeleton (D:3)
  3 dart slugs
  6 leopard geckos
  13 orcs
  2 adder skeletons (D:2)
  A cinder newt skeleton (D:2)
  5 goblins (D:1)
  3 hobgoblins (D:1)
  7 jackals
  3 quokkas
  5 ball pythons
  2 bats (D:2)
  2 bat skeletons (D:2)
  18 kobolds
  A kobold skeleton (D:2)
  2 quokka skeletons
  7 rats (D:1)
  A plant (D:5)
  2 slimeheads (D:2)
  3 withered plants (D:2)
203 creatures vanquished.

Vanquished Creatures (others)
  A jelly (D:2)
  A worm (D:2)
  5 kobolds (D:2)
  A ball python (D:2)
  A ball python skeleton (D:2)
  A bush (D:5)
  A fungus (D:5)
  9 plants (D:5)
  116 withered plants (D:2)
136 creatures vanquished.

Grand Total: 339 creatures vanquished

Notes
Turn   | Place    | Note
-------+----------+-------------------------------------------
     0 | D:1      | diana the Kobold Hunter began the quest for the Orb.
     0 | D:1      | Reached XP level 1. HP: 12/12 MP: 1/1
    51 | D:1      | Reached skill level 5 in Crossbows
    51 | D:1      | Reached XP level 2. HP: 18/18 MP: 2/2
   114 | D:1      | Reached skill level 1 in Short Blades
   130 | D:1      | Reached XP level 3. HP: 19/22 MP: 3/3
   379 | D:1      | Reached XP level 4. HP: 27/28 MP: 4/4
   572 | D:2      | Reached XP level 5. HP: 32/32 MP: 5/5
   621 | D:2      | Noticed a water moccasin
   625 | D:2      | Killed a water moccasin
   625 | D:2      | Reached XP level 6. HP: 38/38 MP: 6/6
   688 | D:2      | Noticed a water moccasin
   711 | D:2      | Killed a water moccasin
   929 | D:2      | Reached XP level 7. HP: 21/44 MP: 7/7
  1080 | D:2      | Reached skill level 5 in Fighting
  1135 | D:2      | Reached skill level 5 in Short Blades
  1202 | D:2      | Reached XP level 8. HP: 12/51 MP: 8/8
  1736 | D:2      | Noticed Edmund
  1799 | D:2      | Killed Edmund
  2388 | D:3      | Found a transporter.
  2389 | D:3      | Found a shimmering blue altar of Sif Muna.
  2389 | D:3      | Found a transporter.
  2392 | D:3      | Noticed Darold's ghost (novice KoNo)
  2880 | D:4      | HP: 2/52 [hornet zombie (10)]
  2886 | D:4      | Reached XP level 9. HP: 3/56 MP: 9/9
  3515 | D:4      | Noticed Maurice
  3522 | D:4      | Found Syiwe's Armour Emporium.
  3531 | D:4      | Killed Maurice
  3588 | D:4      | Identified the cursed ring "Fekujitu" {rF- rCorr Int+9
                  | Dex+2, (Curse: Fragile MR-)}
  3919 | D:4      | Reached skill level 10 in Crossbows
  4038 | D:4      | Found a staircase to the Ecumenical Temple.
  4049 | Temple   | Entered the Ecumenical Temple
  4125 | Temple   | Became a worshipper of Warmaster Okawaru
  4200 | D:4      | Reached XP level 10. HP: 65/65 MP: 10/10
  4285 | D:4      | Found a white marble altar of Elyvilon.
  4286 | D:4      | Found a stormy altar of Qazlal.
  4425 | D:4      | Noticed Erica
  4440 | D:4      | Killed Erica
  4440 | D:4      | Received a gift from Okawaru
  4440 | D:4      | Reached * piety under Okawaru
  4440 | D:4      | Reached skill level 10 in Short Blades
  4863 | D:5      | Entered Level 5 of the Dungeon
  5016 | D:5      | Reached skill level 10 in Fighting
  5030 | D:5      | Reached skill level 1 in Invocations
  5035 | D:5      | Reached skill level 1 in Armour
  5065 | D:5      | Reached ** piety under Okawaru
  5224 | D:5      | Noticed a two-headed ogre
  5235 | D:5      | Killed a two-headed ogre
  5235 | D:5      | Reached skill level 5 in Dodging
  5235 | D:5      | Reached XP level 11. HP: 72/72 MP: 13/13
  5247 | D:5      | Found a staircase to the Lair.
  5709 | D:5      | Noticed Harold
  5716 | D:5      | Killed Harold
  5716 | D:5      | Reached *** piety under Okawaru
  5820 | D:5      | Found a shadowy altar of Dithmenos.
  5954 | D:6      | Reached skill level 5 in Invocations
  6025 | D:6      | Received a gift from Okawaru
  6041 | D:6      | Reached **** piety under Okawaru
  6100 | D:6      | Found an opulent altar of Gozag.
  6118 | D:6      | Slain by a troll

Levels and vault maps discovered:
D:1:      minmay_arrival_doors, layout_rooms
D:2:      layout_sewer, first_ration, uniq_edmund
D:3:      layout_loops_ring, bcadren_lemuel_inverted_doored_altar,
          gammafunk_ghost_smash
D:4:      layout_basic, minitemple, temple_fountains, serial_shops, shop,
          uniq_maurice, uniq_erica
D:5:      layout_gridville, lemuel_round_altar, minmay_lair_entry_grove,
          uniq_harold
D:6:      ossuary_the_hunt_dpeg, layout_loops_cross, nicolae_gozag_seed_capital,
          kennysheep_orc_monster_closet_entryway
Temple:   eino_wide_crystal_templ

Skill      XL: |  1  2  3  4  5  6  7  8  9 10 11 |
---------------+----------------------------------+-----
Crossbows      | 5 6 7 8 10 | 10.0
Short Blades   | 1 2 3 4 5 7 9 10 | 10.0
Fighting       | 3 4 5 6 8 10 | 10.0
Invocations    | 3 5 |  5.6
Armour         | 2 4 |  4.2
Dodging        | 5 6 |  6.8
Stealth        | |  1.3

Action                   |  1- 3 |  4- 6 |  7- 9 | 10-12 || total
-------------------------+-------+-------+-------+-------++-------
Melee: Dagger            |    14 |    64 |   262 |   129 ||   469
       Unarmed           |       |       |     1 |       ||     1
       Sai               |       |       |       |     6 ||     6
 Fire: Hand crossbow     |    15 |    34 |   164 |   132 ||   345
Throw: Stone             |       |       |       |     1 ||     1
       Bone              |       |       |       |     1 ||     1
Invok: Heroism           |       |       |       |     2 ||     2
  Use: Potion            |       |     1 |     4 |       ||     5
       Scroll            |       |       |       |     1 ||     1
 Stab: Sleeping          |     1 |       |       |       ||     1
  Eat: Chunk             |       |       |    10 |     6 ||    16
Armor: Leather armour    |     4 |     5 |    23 |       ||    32
       Robe              |       |       |       |     8 ||     8
Dodge: Dodged            |    11 |    23 |    70 |    76 ||   180
Block: Sai               |       |       |       |     1 ||     1
